 Dungeon Crawl Stone Soup version 0.22-a0-247-gbddf880 (webtiles) character file.

235 Amnesiac the Charlatan (level 5, 0/29 HPs)
             Began as a Deep Elf Artificer on Feb 25, 2018.
             Succumbed to a scorpion's poison
             ... on level 4 of the Dungeon.
             The game lasted 00:04:58 (1669 turns).

Amnesiac the Charlatan (Deep Elf Artificer)         Turns: 1669, Time: 00:04:59

Health: 0/29       AC:  6    Str: 10    XL:     5   Next: 76%
Magic:  11/11      EV: 11    Int: 16    God:
Gold:   54         SH:  0    Dex: 15    Spells: 4/4 levels left

rFire    . . .     SeeInvis .   a - +2 short sword (drain)
rCold    . . .     Gourm    .   (no shield)
rNeg     . . .     Faith    .   h - +0 ring mail
rPois    .         Spirit   .   n - +0 helmet
rElec    .         Reflect  .   (no cloak)
rCorr    .         Harm     .   (no gloves)
MR       .....                  (no boots)
Stlth    +.........             (no amulet)
HPRegen  0.09/turn              (no ring)
MPRegen  0.12/turn              (no ring)

@: lethally poisoned (0 -> -2)
A: no striking features
a: no special abilities


You were on level 4 of the Dungeon.
You were not hungry.

You visited 1 branch of the dungeon, and saw 4 of its levels.

You collected 54 gold pieces.

Inventory:

Hand Weapons
 a - a +2 short sword of draining (weapon)
 b - a +0 blowgun
 j - a +1 dagger of pain
Missiles
 l - 5 poisoned needles
Armour
 h - a +0 ring mail (worn)
 n - a +0 helmet (worn)
Wands
 d - a wand of enslavement (14)
 e - a wand of random effects (9)
Scrolls
 g - a scroll of remove curse {!r, unknown}
 i - a scroll of enchant armour {!r, unknown}
Potions
 o - a potion of brilliance {!q}
Comestibles
 f - 4 rations
 k - 14 chunks of flesh


   Skills:
 + Level 1.0 Fighting
 - Level 2.0 Short Blades
 - Level 1.1 Armour
 - Level 2.4 Dodging
 - Level 2.0 Stealth
 - Level 6.3 Evocations


You had 4 spell levels left.
You didn't know any spells.

Dungeon Overview and Level Annotations

Branches:
Dungeon (4/15)             Temple (0/1) D:4

Altars:

Shops:
D:4 }


Message History

Things that are here:
a scorpion corpse; a leopard gecko corpse; a hound corpse
* * * LOW HITPOINT WARNING * * *
You feel sick.
* * * LOW HITPOINT WARNING * * *
You feel sick.
* * * LOW HITPOINT WARNING * * *
You feel sick.
You are feeling hungry.
* * * LOW HITPOINT WARNING * * *
You feel sick.
* * * LOW HITPOINT WARNING * * *
You feel sick.
* * * LOW HITPOINT WARNING * * *
You feel sick.
Eat one of 15 chunks of flesh? (ye/n/q)
You eat one of the 15 chunks of flesh.
This raw flesh tastes terrible.
* * * LOW HITPOINT WARNING * * *
You feel sick.
* * * LOW HITPOINT WARNING * * *
You feel sick.
* * * LOW HITPOINT WARNING * * *
You feel sick.
An orc comes into view. It is wielding a hand axe.
* * * LOW HITPOINT WARNING * * *
You feel sick.
* * * LOW HITPOINT WARNING * * *
You feel sick.
Evoke which item? (* to show all) (? for menu, Esc to quit)
Okay, then.
Evoke which item? (* to show all) (? for menu, Esc to quit)
Aiming: Random Effects
Press: ? - help, Shift-Dir - straight line, f - orc
Aim: an orc, wielding a hand axe and wearing a runed buckler The orc barely resists.
Evoke which item? (* to show all) (? for menu, Esc to quit)
Aiming: Throw Flame
Press: ? - help, Shift-Dir - straight line, f/p - orc
Aim: an orc, wielding a hand axe and wearing a runed buckler The puff of flame hits the orc.
The orc is moderately wounded.
The now-empty wand crumbles to dust.
The orc hits you but does no damage.
Evoke which item? (* to show all) (? for menu, Esc to quit)
You don't have any such object.
Evoke which item? (* to show all) (? for menu, Esc to quit)
That's the wrong kind of item! (Use * to select it.) Evoke which item? (* to show all) (? for menu, Esc to quit)
(Key replay ran out of keys)
Okay, then.
Unknown command.
Evoke which item? (* to show all) (? for menu, Esc to quit)
Aiming: Random Effects
Press: ? - help, Shift-Dir - straight line, f/p - orc
Aim: an orc, wielding a hand axe and wearing a runed buckler (moderately wounded)
The bolt of poison hits the orc.
The orc is poisoned.
You kill the orc!
* * * LOW HITPOINT WARNING * * *
You feel sick.
Found a staircase to the Ecumenical Temple.
* * * LOW HITPOINT WARNING * * *
You feel sick.
There is an open door here.
There is a staircase to the Ecumenical Temple here.
You die...

#...........#
#.......#
#########.......#
##..........#...##
##...(......#.)..#
.†........#..###'###
##........#..#.....#
##........#.##.⌠.⌠.###
#######...#..'..@..'.#
.# .....#.#.⌠.⌠.#.# .#
#.###...#.....#.#
.####..# ....###'### #
......##...... ...
.......... ...
.......... ...
.÷.....# . ...#.
.......##.


There were no monsters in sight!

Vanquished Creatures
  A scorpion (D:4)
  A hound (D:4)
  An orc wizard (D:4)
  A worker ant (D:4)
  A hound skeleton (D:4)
  Robin (D:3)
  3 adders
  2 worms (D:4)
  3 leopard geckos (D:4)
  9 orcs
  A bat (D:2)
  2 giant cockroaches
  13 goblins
  A hobgoblin (D:2)
  7 kobolds
  A quokka skeleton (D:4)
  2 rats
50 creatures vanquished.

Vanquished Creatures (others)
  An orc (D:3)
1 creature vanquished.

Grand Total: 51 creatures vanquished

Notes
Turn   | Place    | Note
-------+----------+-------------------------------------------
     0 | D:1      | Amnesiac the Deep Elf Artificer began the quest for the Orb.
     0 | D:1      | Reached XP level 1. HP: 11/11 MP: 5/5
   119 | D:2      | Reached XP level 2. HP: 3/16 MP: 6/6
   177 | D:2      | Reached skill level 4 in Evocations
   178 | D:2      | Reached XP level 3. HP: 9/20 MP: 6/8
   457 | D:2      | Noticed Robin
   476 | D:3      | Killed Robin
   510 | D:1      | HP: 1/20 [goblin/club[Robin] (1)]
  1012 | D:3      | Reached skill level 1 in Fighting
  1336 | D:4      | Reached XP level 4. HP: 22/25 MP: 9/9
  1379 | D:4      | Reached skill level 5 in Evocations
  1496 | D:4      | Found Baphi's Gadget Shoppe.
  1532 | D:4      | Reached skill level 1 in Armour
  1532 | D:4      | Reached XP level 5. HP: 29/29 MP: 9/11
  1643 | D:4      | Reached skill level 6 in Evocations
  1664 | D:4      | Found a staircase to the Ecumenical Temple.
  1665 | D:4      | HP: 1/29 [poisoned by a scorpion]
  1669 | D:4      | Succumbed to a scorpion's poison

Vault maps used:
D:1:      tarquinn_simple_flora_water_d
D:2:      uniq_robin, uniq_crazy_yiuf_cottage
D:3:      lemuel_crystal_altar, first_ration, uniq_natasha
D:4:      minmay_temple_entry_hall, serial_shops, shop

Skill      XL: |  1  2  3  4  5 |
---------------+----------------+-----
Stealth        | 2 |  2.0
Evocations     | 4 5 6 |  6.3
Short Blades   | 2 |  2.0
Fighting       | 1 |  1.0
Armour         | 1 |  1.1
Dodging        | |  2.4

Action                   |  1- 3 |  4- 6 || total
-------------------------+-------+-------++-------
Melee: Short sword       |    55 |    57 ||   112
       Dagger            |    26 |       ||    26
 Fire: Blowgun           |     1 |       ||     1
Evoke: Wand              |    12 |    10 ||    22
  Use: Potion            |     2 |       ||     2
       Scroll            |       |     3 ||     3
 Stab: Sleeping          |     3 |       ||     3
       Distracted        |       |     1 ||     1
  Eat: Chunk             |     1 |     2 ||     3
Armor: Leather armour    |    30 |       ||    30
       Ring mail         |     9 |    19 ||    28
Dodge: Dodged            |    56 |    34 ||    90

Table legend:
 A = Spawn XP
 B = Non-spawn XP
 C = Spawn XP percentage of total XP
 D = Spawn monster count
 E = Non-spawn monster count
 F = Spawn count percentage of total count
 G = Total turns spent on level
                    A         B        C        D         E        F      G
               +---------+---------+-------+---------+---------+-------+---------
         Total |       0 |     336 |   0.0 |       0 |      50 |   0.0 |  1669
               +---------+---------+-------+---------+---------+-------+---------
           D:1 |       0 |       6 |   0.0 |       0 |       4 |   0.0 |   482
           D:2 |       0 |      52 |   0.0 |       0 |      18 |   0.0 |   451
           D:3 |       0 |      38 |   0.0 |       0 |      10 |   0.0 |   401
           D:4 |       0 |     240 |   0.0 |       0 |      18 |   0.0 |   335
               +---------+---------+-------+---------+---------+-------+---------
